Get step-by-step instructions on how to execute this build order below. Start the game timer, and the build order will tick by so you can play in parallel with StarCraft on a second screen or mobile device.

Game Time

  0:00

Last Step

  N/A

Next Step

Upcoming Step



Don't want to look back and forth between 2 screens? Try out our Overwolf App, the Spawning Tool Build Advisor to get an in-game overlay with this build!

Complete Build Order

  12  0:04  SCV  
  12  0:25  SCV  
  12  0:33  Supply Depot  
  12  0:38  SCV  
  12  0:54  SCV  
  12  0:57  Refinery  
  12  1:06  SCV  
  12  1:17  Refinery  
  12  1:21  SCV  
  12  1:32  Command Center  
  12  1:33  SCV